 Dungeon Crawl Stone Soup version 0.19-a0-1225-gf887c1c (webtiles) character file.

38 Lindan9 the Shield-Bearer (level 3, -1/30 HPs)
             Began as a Formicid Fighter on Aug 26, 2016.
             Slain by a worm (4 damage)
             ... on level 2 of the Dungeon.
             The game lasted 00:02:34 (800 turns).

Lindan9 the Shield-Bearer (Formicid Fighter)         Turns: 800, Time: 00:02:34

Health: -1/30      AC:  8    Str: 26    XL:     3   Next: 65%
Magic:  12/12      EV:  8    Int:  7    God:
Gold:   94         SH: 10    Dex: 10    Spells: 0 memorised, 2 levels left

rFire  . . .     SeeInvis +     a - +0 war axe
rCold  . . .     Gourm    .     b - +0 scale mail
rNeg   . . .     Faith    .     c - +0 shield
rPois  .         Spirit   .     (helmet unavailable)
rElec  .         Dismiss  .     (no cloak)
rCorr  .         Reflect  .     p - +0 pair of gloves
MR     .....     Harm     .     (no boots)
Stlth  ..........               (no amulet)
                                (no ring)
                                j - ring of magical power

@: mighty
A: permanent stasis, dig shafts and tunnels, four strong arms, antennae 3
a: Dig, Shaft Self


You were on level 2 of the Dungeon.
You were not hungry.

You visited 1 branch of the dungeon, and saw 2 of its levels.

You collected 94 gold pieces.

Inventory:

Hand Weapons
 a - a +0 war axe (weapon)
Armour
 b - a +0 scale mail (worn)
 c - a +0 shield (worn)
 p - a +0 pair of gloves (worn)
Jewellery
 j - a ring of magical power (left hand)
Scrolls
 e - a scroll of teleportation {unknown}
 g - a scroll of magic mapping {unknown}
 h - a scroll of remove curse {unknown}
 i - a scroll of identify {unknown}
 q - a scroll of blinking {unknown}
Potions
 l - a potion of berserk rage {unknown}
 m - a potion of curing {unknown}
 n - a potion of flight {unknown}
 o - a potion of invisibility {unknown}
Comestibles
 f - a bread ration
 k - 3 meat rations


   Skills:
 + Level 3.8 Fighting
 + Level 2.2 Axes
 + Level 3.9 Armour
 + Level 0.1 Dodging
 + Level 3.9 Shields


You had 2 spell levels left.
You didn't know any spells.

Dungeon Overview and Level Annotations

Branches:
Dungeon (2/15)

Altars:
Trog
The Shining One


Innate Abilities, Weirdness & Mutations

You are under a permanent stasis effect.
You can dig through walls and to a lower floor.
Your four strong arms can wield two-handed weapons with a shield.
You have a pair of large antennae on your head. (SInv)


Message History

The worm bites you but does no damage.
You see here a rat corpse.
You slash the worm!
The worm is almost dead.
You block the worm's attack. The worm bites you.
* * * LOW HITPOINT WARNING * * *
You slash the worm!
You kill the worm!
You feel very mighty all of a sudden.
You are too injured to fight recklessly!
You are too injured to fight recklessly!
You are too injured to fight recklessly!
You hit the worm.
The worm is moderately wounded.
The worm barely misses you.
You slash the worm!
The worm is almost dead.
The worm bites you.
You die...

###....## #.# #.......## #.#
.).......# #.# ....#....#
#.####### ...###...####
#.......# ._.#y#..†...#
#######.# ...###.†.##.## #.#
....#....##.w# #.#
)).......###@# #.# #.......##
#.# ##### #.##
###....#####.####..(######...
######..........#..........
............###########.
#######.###.# #. ...#
#.######## #. #.###
#†.......# ##. #.
#........###..


You could see a worm.

Vanquished Creatures
  2 worms (D:2)
  A dart slug (D:1)
  2 giant geckos
  3 giant cockroaches (D:1)
  3 goblins
  5 hobgoblins
  2 kobolds (D:1)
  3 bats (D:1)
  A giant newt (D:1)
  6 rats
28 creatures vanquished.

Notes
Turn   | Place    | Note
-------+----------+-------------------------------------------
     0 | D:1      | Lindan9 the Formicid Fighter began the quest for the Orb.
     0 | D:1      | Reached XP level 1. HP: 18/18 MP: 1/1
    57 | D:1      | Found a glowing golden altar of the Shining One.
   103 | D:1      | Reached XP level 2. HP: 22/25 MP: 2/2
   509 | D:1      | Reached XP level 3. HP: 30/30 MP: 3/3
   767 | D:2      | Noticed a moth of wrath
   770 | D:2      | Found a bloodstained altar of Trog.
   800 | D:2      | Slain by a worm

Vault maps used:
D:1:      lemuel_arrival_funnel, tso_metal_star
D:2:      tgw_trog, ashenzari_conservatory_becter, uniq_natasha, uniq_iyjb,
          uniq_sigmund

Action                   || total
-------------------------++-------
Melee: War axe           ||    73
  Use: Potion            ||     1
Armor: Scale mail        ||    25
Dodge: Dodged            ||    18
Block: Shield            ||    42
